 Dungeon Crawl Stone Soup version 0.18-b1-16-g289874d (webtiles) character file.

734 dobroeutro the Basher (level 7, -2/41 HPs)
             Began as a Gargoyle Fighter on May 1, 2016.
             Slain by an orc
             ... wielding a +0 flail
              (4 damage)
             ... on level 4 of the Dungeon.
             The game lasted 00:05:19 (2926 turns).

dobroeutro the Basher (Gargoyle Fighter)            Turns: 2926, Time: 00:05:20

Health: -2/41      AC: 12    Str: 21    XL:     7   Next: 74%
Magic:  7/7        EV:  7    Int:  9    God:
Gold:   156        SH:  9    Dex:  9    Spells: 0 memorised, 6 levels left

rFire  . . .     SeeInvis +     a - +0 flail
rCold  . . .     Gourm    .     b - +0 scale mail
rNeg   + . .     Faith    .     c - +0 shield
rPois  ∞         Spirit   .     (no helmet)
rElec  +         Dismiss  .     x - +0 cloak
rCorr  .         Reflect  .     (no gloves)
SustAt .         Harm     .     (no boots)
MR     .....                    (no amulet)
Stlth  ..........               C - ring of see invisible
                                (no ring)

@: not resistant to hostile enchantments, extremely unstealthy
A: negative energy resistance 1, electricity resistance, unbreathing,
petrification resistance, rot immunity, AC +4
a: no special abilities


You were on level 4 of the Dungeon.
You were not hungry.

You visited 1 branch of the dungeon, and saw 4 of its levels.

You collected 156 gold pieces.

Inventory:

Hand Weapons
 a - a +0 flail (weapon)
Armour
 b - a +0 scale mail (worn)
 c - a +0 shield (worn)
 x - a +0 cloak (worn)
Jewellery
 m - an uncursed ring of fire
 r - an uncursed ring of ice
 C - a ring of see invisible (right hand)
Wands
 D - a wand of digging (7/24)
Scrolls
 e - a scroll of enchant weapon {unknown}
 h - a scroll of amnesia {unknown}
 k - 4 scrolls of identify
 n - a scroll of remove curse
 o - 2 scrolls of random uselessness {unknown}
 s - 4 scrolls of immolation
 w - a scroll of fear {unknown}
 y - a scroll of recharging {unknown}
 B - a scroll of teleportation {unknown}
Potions
 d - a potion of might
 g - 3 potions of curing
 i - a potion of berserk rage
 j - 2 potions of brilliance {unknown}
 l - 2 potions of flight {unknown}
 p - 2 potions of agility {unknown}
 v - a potion of invisibility {unknown}
 z - a potion of heal wounds {unknown}
Comestibles
 f - 2 bread rations
 q - a slice of pizza
 t - a royal jelly
 u - 2 meat rations


   Skills:
 - Level 3.2 Fighting
 + Level 8.5 Maces & Flails
 - Level 3.2 Armour
 - Level 3.2 Shields


You had 6 spell levels left.
You didn't know any spells.

Dungeon Overview and Level Annotations

Branches:
Dungeon (4/15)             Temple (0/1) D:4

Altars:
Pakellas
Ru

Annotations:
D:4 exclusion: oklob sapling


Innate Abilities, Weirdness & Mutations

You are resistant to torment.
Your stone body is resilient (AC +4).
You are immune to poison.
You resist negative energy.
You are resistant to electric shocks.
You can survive without breathing.
You are immune to petrification.
You are immune to rotting.


Message History

You sock the orc warrior!
The orc warrior is almost dead.
The orc warrior closely misses you.
You hit the orc warrior.
You kill the orc warrior!
Things that are here:
a trident; a chain mail
l - 2 emerald potions (gained 1)
Things that are here:
a trident; a chain mail You start resting.
An orc comes into view. It is wielding a flail.
The orc shouts!
Your shield and scale mail prevent you from hitting the orc.
You block the orc's attack.
You barely miss the orc. You hit the orc but do no damage.
The orc hits you with a flail.
* * * LOW HITPOINT WARNING * * *
You barely miss the orc. The orc hits you with a flail.
You die...

....# ....# ....# #
[...# .# ....# #.#
.#### # #.# .##
#..######.###.# ..#
#......o.....# #.#
#####.@##.#.##
#.#############.###...
............>........)#
##.#######"############
##..######.#
.........#.#########
.........#.........#
.........#..######.#
.........#..# #.#


You could see an orc.

Vanquished Creatures
  Grinder (D:3)
  An orc warrior (D:4)
  The ghost of bollicks1999 the Sneak, an amateur OpAs (D:3)
  A scorpion (D:3)
  3 wights
  A howler monkey (D:4)
  A centaur skeleton (D:4)
  7 adders
  2 oozes
  An adder skeleton (D:4)
  A worm (D:2)
  3 dart slugs
  2 giant geckos
  3 orcs
  6 bats
  7 goblins
  6 hobgoblins
  3 quokkas
  A giant gecko zombie (D:3)
  2 giant newts
  7 kobolds
  6 rats
66 creatures vanquished.

Notes
Turn   | Place    | Note
--------------------------------------------------------------
     0 | D:1      | dobroeutro the Gargoyle Fighter began the quest for the Orb.
     0 | D:1      | Reached XP level 1. HP: 14/14 MP: 1/1
   163 | D:1      | Reached XP level 2. HP: 19/19 MP: 2/2
   232 | D:1      | Reached skill level 3 in Maces & Flails
   286 | D:1      | Reached XP level 3. HP: 14/23 MP: 3/3
   810 | D:2      | Reached skill level 4 in Maces & Flails
   883 | D:2      | Reached XP level 4. HP: 28/28 MP: 4/4
   954 | D:2      | Found a faded altar to an unknown god.
  1234 | D:2      | Found a sacrificial altar of Ru.
  1567 | D:3      | Reached skill level 5 in Maces & Flails
  1567 | D:3      | Reached XP level 5. HP: 24/32 MP: 5/5
  1702 | D:3      | Noticed bollicks1999's ghost (amateur OpAs)
  1718 | D:3      | Killed bollicks1999's ghost
  1718 | D:3      | Reached skill level 6 in Maces & Flails
  1718 | D:3      | Reached XP level 6. HP: 27/37 MP: 6/6
  1848 | D:3      | Noticed Grinder
  1881 | D:3      | Paralysed by Grinder for 5 turns
  1888 | D:3      | Killed Grinder
  1888 | D:3      | Reached skill level 7 in Maces & Flails
  2123 | D:4      | Reached XP level 7. HP: 30/41 MP: 7/7
  2733 | D:4      | Reached skill level 8 in Maces & Flails
  2767 | D:4      | Found an oddly glowing altar of Pakellas.
  2846 | D:4      | Found a staircase to the Ecumenical Temple.
  2925 | D:4      | HP: 2/41 [orc/flail (4)]
  2926 | D:4      | Slain by an orc

Skill      XL: |  1  2  3  4  5  6  7 |
---------------+----------------------+-----
Maces & Flails | 3 4 5 6 7 8 |  8.5
Fighting       | |  3.2
Armour         | |  3.2
Shields        | |  3.2

Action                   |  1- 3 |  4- 6 |  7- 9 || total
-------------------------+-------+-------+-------++-------
Melee: Flail             |   131 |   152 |    97 ||   380
  Use: Potion            |       |     1 |       ||     1
       Scroll            |       |       |     3 ||     3
  Eat: Chunk             |       |     4 |     1 ||     5
       Bread ration      |       |       |     1 ||     1
Armor: Scale mail        |    61 |    73 |    40 ||   174
Dodge: Dodged            |    44 |    48 |    31 ||   123
Block: Shield            |    91 |    60 |    45 ||   196
